 Dungeon Crawl Stone Soup version 0.30.1-4-g462c640d31 (webtiles) character file.

Game seed: 1340348374530274496

62 ChrisAssaf the Insei (level 3, -2/26 HPs)
             Began as a Demonspawn Transmuter on Aug 29, 2023.
             Slain by Ijyb
             ... wielding a +6 dagger of venom
              (11 damage)
             ... on level 3 of the Dungeon.
             The game lasted 00:06:09 (875 turns).

ChrisAssaf the Insei (Demonspawn Transmuter)         Turns: 875, Time: 00:06:09

Health: -2/26      AC:  2    Str: 12    XL:     3   Next: 85%
Magic:  3/6        EV: 19    Int: 14    God:
Gold:   45         SH:  0    Dex: 18    Spells: 0/7 levels left

rFire   . .          .
                       - Unarmed
rCold   . . .        (shield currently unavailable)
rNeg    . . .        a - melded +1 robe
rPois   x            (helmet currently unavailable)
rElec   .            (cloak currently unavailable)
rCorr   .            (gloves currently unavailable)
SInv    .            (boots currently unavailable)
Will    .....        (no amulet)
Stlth   ++           (no ring)
HPRegen 0.24/turn    (no ring)
MPRegen 0.10/turn

%: no passive effects
@: spider-form (expiring)
A: venomous fangs, tiny, powered by death 1
a: End Transformation


You were on level 3 of the Dungeon.
You were a venomous arachnid creature.
You visited 1 branch of the dungeon, and saw 3 of its levels.

You collected 84 gold pieces.
You spent 39 gold pieces at shops.

Inventory:

Armour
 a - a +1 robe (melded)
Jewellery
 b - a +4 ring of protection
Scrolls
 g - a scroll of amnesia {unknown}
 k - a scroll of vulnerability {unknown}
 l - a scroll of noise {unknown}
Potions
 d - a potion of curing
 e - 2 potions of flight {unknown}
 f - 2 potions of heal wounds
 m - a potion of attraction {unknown}


   Skills:
 * Level 1.4 Fighting
 * Level 0.6 Armour
 * Level 1.9 Dodging
 * Level 0.5 Stealth
 * Level 3.1 Unarmed Combat
 * Level 2.6 Spellcasting
 * Level 2.1 Transmutations
 * Level 0.6 Earth Magic


You couldn't memorise any spells.
You knew the following spells:

 Your Spells              Type           Power      Damage    Failure   Level
a - Beastly Appendage     Tmut           14%        N/A       24%         1
b - Sandblast             Erth           6%         2d5       36%         1
c - Wereblood             Tmut           7%         N/A       32%         2
d - Spider Form           Tmut/Pois      4%         N/A       63%         3

Your spell library contained the following spells:

 Spells                   Type           Power      Damage    Failure   Level
 Passwall                 Tmut/Erth      4%         N/A       38%         2
 Stone Arrow              Conj/Erth      4%         3d7       73%         3
 Ice Form                 Ice/Tmut       4%         N/A       93%         4


Dungeon Overview and Level Annotations

Branches:
Dungeon (3/15)

Altars:
Wu Jian

Shops:
D:1 !

Annotations:
D:3 Ijyb


Innate Abilities, Weirdness & Mutations

You are a venomous arachnid creature.
You have venomous fangs.
You are tiny and dextrous.
Your spellcasting is less reliable in this form.
Your armour is entirely melded.
You are incapable of wielding weapons or throwing items.
You regenerate a little health from kills.


Message History

You're too terrified to move while being watched!
Unknown command.
You're too terrified to move while being watched!
You're too terrified to move while being watched!
You feel sick.
You feel sick.
You're too terrified to move while being watched!
You remove your +4 ring of protection.
Your transformation is almost over.
You feel sick.
As you read the scroll labelled VATESI WIEGGILE, it crumbles to dust.
You feel strangely unstable.
It was a scroll of teleportation.
You feel sick.
You feel sick.
You feel sick.
Your surroundings suddenly seem different.
You feel sick.
You feel sick.
You are no longer poisoned.
You start resting.
You stop sporulating.
Your +1 robe unmelds from your body.
You start resting.
Magic restored.
You start resting.
Ijyb is nearby!
Ijyb is nearby!
Casting: Spider Form (extremely dangerous; 41% risk of failure)
Confirm with . or Enter, or press ? or * to list all spells.
The spell is extremely dangerous to miscast (41% risk of failure)!
Continue anyway?
You turn into a venomous arachnid creature.
Your +1 robe melds into your body.
Ijyb zaps a wand.
You resist with significant effort.
Your transformation is almost over.
Ijyb zaps a wand.
You resist with significant effort.
Ijyb zaps a wand.
You resist with significant effort.
Ijyb hits you with a +6 dagger of venom.
You hit Ijyb but do no damage.
Ijyb is moderately wounded.
Ijyb hits you with a +6 dagger of venom!
You die...

*,*****,#,*#.#.# #..# #.#
*,,,,,,,#,*#.#.# #..# #.#
*****#.,#.*#.#.#####..#######.#
*****#..#.##.#........#.......#
*,,,,.................#.#######
*,***#................#.# *,*
#.#..##.#.)........## *,*
*,#.,*#.............# *,*
*,,,,*###s#>######..# *,*
***,**#..g..# #..# *,*
*,###.....# #..# *,*
*,#.......# #..# *,****
*,#.#.....######..######
*,,,,***,#.#.....#............#
*,,,,,,,,.,#####.#.####..####.#
**,,,***.,,* #.#.# #..# #.#
**,****,.######.#.# #..# #.#


You could see Ijyb.

Vanquished Creatures
  Terence (D:2)
  An adder (D:2)
  A dart slug (D:1)
  2 endoplasms
  A giant cockroach (D:1)
  5 goblins
  4 hobgoblins
  2 jackals (D:2)
  2 quokkas (D:1)
  4 ball pythons
  A bat (D:3)
  A kobold (D:3)
25 creatures vanquished.

Notes
Turn   | Place    | Note
-------+----------+-------------------------------------------
     0 | D:1      | ChrisAssaf the Demonspawn Transmuter began the quest for
                  | the Orb.
     0 | D:1      | Reached XP level 1. HP: 15/15 MP: 3/3
    91 | D:1      | Learned a level 1 spell: Sandblast
   148 | D:1      | Gained mutation: You regenerate a little health from kills.
                  | [demonic ancestry]
   148 | D:1      | Reached XP level 2. HP: 21/21 MP: 0/5
   151 | D:1      | Learned a level 2 spell: Wereblood
   228 | D:1      | Found Uclasinwi's Distillery.
   236 | D:1      | Bought a potion of curing for 39 gold pieces
   439 | D:2      | Found an ornate altar of the Wu Jian Council.
   509 | D:2      | Noticed Terence
   518 | D:2      | Reached skill level 3 in Unarmed Combat
   518 | D:2      | Reached XP level 3. HP: 24/26 MP: 3/6
   521 | D:2      | Killed Terence
   573 | D:3      | Learned a level 3 spell: Spider Form
   771 | D:3      | Noticed Ijyb
   875 | D:3      | Slain by Ijyb

Illustrated notes

Levels and vault maps discovered:
D:1:      beargit_arrival_diablo_church, layout_basic,
          chequers_ecumenical_altar_simple_redux, serial_shops, shop,
          nicolae_shop_tiny_real_fake_doors
D:2:      layout_basic, basic_altar, kennysheep_cluttered_room, uniq_terence
D:3:      layout_loops_ring, chequers_temple_overflow_minitemple,
          kennysheep_generic_room_14, uniq_ijyb

Skill      XL: |  1  2 |
---------------+-------+-----
Transmutations | 2 |  2.1
Unarmed Combat | 3 |  3.1
Fighting       | |  1.4
Armour         | |  0.6
Dodging        | |  1.9
Stealth        | |  0.5
Spellcasting   | |  2.6
Earth Magic    | |  0.6

Action                     || total
---------------------------++-------
  Melee: Unarmed           ||    40
         Kick              ||     3
         Headbutt          ||     2
   Cast: Beastly Appendage ||     6
         Sandblast         ||    17
         Wereblood         ||     2
         Spider Form       ||     4
    Use: Potion            ||     2
         Scroll            ||     4
 Armour: Robe              ||     3
         Skin              ||    10
  Dodge: Dodged            ||    26
